Kings vs Avalanche

Created - 19 février 2021 at 20:31

Goals
1 2 3 T
Kings 0 0 2 2
Avalanche 0 0 0 0
Shots
1 2 3 T
Kings 8 9 8 25
Avalanche 11 7 12 30

1st period

No Goal

Penalties :
Corey Perry (LOS) for Tripping (Minor) at 2:28, Adam Fox (COL) for Holding (Minor) at 11:52

2nd period

No Goal

Penalties :
Stephen Johns (LOS) for High sticking (Minor) at 1:34, Pontus Aberg (COL) for High sticking (Minor) at 16:33

3rd period

1. Kings , Jesper Fast 16 (Andre Burakovsky 26, Mikael Backlund 27) at 7:46
2. Kings , Corey Perry 7 (Zemgus Girgensons 9) at 17:30

Penalties :
Corey Perry (LOS) for Roughing (Minor) at 9:47, Casey Cizikas (COL) for Hooking (Minor) at 14:59

Goalie Stats

Frederik Andersen (LOS), 30 saves from 30 shots - (1,000), W, 20-19-6, 60:00 minutes
Juuse Saros (COL), 23 saves from 25 shots - (0,920), L, 3-7-2, 60:00 minutes

Players Stats for Kings

Player Name              G  A  P  +/- PIM S  H  SB GA TA FO     MP     PP MP  PK MP  
------------------------------------------------------------------------------------
Andre Burakovsky         0  1  1   1  0   2  0  0  0  0  0/1    16:34   3:00   0:13 
Anthony Bitetto          0  0  0   1  0   0  5  0  0  0  0/0    17:50   0:00   1:55 
Conor Sheary             0  0  0   0  0   0  0  0  0  0  0/0     1:17   0:00   0:53 
Corey Perry              1  0  1   1  4   5  1  0  0  0  1/3    15:42   0:00   0:00 
Jesper Fast              1  0  1   1  0   2  0  0  0  0  0/2    16:21   3:00   0:00 
John Moore               0  0  0   0  0   3  1  0  0  0  0/0    19:37   2:26   2:47 
Jonathan Toews           0  0  0   0  0   2  0  0  0  0  23/33  24:25   2:57   2:51 
Jordan Eberle            0  0  0   0  0   2  0  0  0  0  1/3    18:55   2:57   1:38 
Lucas Wallmark           0  0  0   0  0   0  0  0  0  0  0/5     5:04   0:00   0:23 
Marc-Edouard Vlasic      0  0  0   1  0   2  2  2  0  0  0/0    23:12   3:31   2:30 
Marco Scandella          0  0  0   1  0   0  3  1  0  0  0/0    22:50   3:31   2:08 
Mikael Backlund          0  1  1   1  0   1  0  0  0  0  12/19  19:11   3:00   2:50 
Nick Paul                0  0  0   1  0   1  1  0  0  0  11/15  15:44   0:00   0:00 
Nicolas Hague            0  0  0   1  0   0  1  0  0  0  0/0    17:10   0:00   0:39 
Rickard Rakell           0  0  0   0  0   2  4  1  0  0  1/1    18:55   2:57   1:38 
Stephen Johns            0  0  0   0  2   1  3  1  0  0  0/0    19:20   2:26   1:55 
Tyler Motte              0  0  0   0  0   1  0  1  0  0  0/0     4:41   0:00   0:00 
Zemgus Girgensons        0  1  1   1  0   1  1  0  0  0  1/2    17:12   0:00   1:28 

Players Stats for Avalanche

Player Name              G  A  P  +/- PIM S  H  SB GA TA FO     MP     PP MP  PK MP  
------------------------------------------------------------------------------------
Adam Fox                 0  0  0  -1  2   0  1  1  0  0  0/0    20:32   2:56   2:17 
Andreas Athanasiou       0  0  0  -1  0   3  1  0  0  0  0/4    18:41   3:22   2:05 
Cale Fleury              0  0  0   0  0   1  0  0  0  0  0/0    14:39   0:00   0:57 
Casey Cizikas            0  0  0   0  2   1  5  1  0  0  11/20  19:25   2:35   1:45 
Dominik Kubalik          0  0  0   0  0   4  1  0  0  0  1/1    18:47   2:35   1:06 
Dylan Strome             0  0  0  -1  0   4  1  0  0  0  4/18   16:07   0:00   1:20 
Frank Vatrano            0  0  0  -1  0   1  0  0  0  0  0/1    16:36   3:22   0:00 
Jake McCabe              0  0  0  -1  0   2  7  1  0  0  0/0    24:48   3:01   2:43 
Jordan Weal              0  0  0   0  0   0  0  0  0  0  2/2     4:59   0:00   0:00 
Justin Williams          0  0  0  -1  0   1  5  0  0  0  0/0    14:47   0:00   0:00 
Michael McLeod           0  0  0   0  0   0  0  0  0  0  0/0     0:00   0:00   0:00 
Nicolas Roy              0  0  0   0  0   0  1  0  0  0  0/3     6:53   0:00   1:54 
Noah Juulsen             0  0  0   0  0   3  0  2  0  0  0/0    13:42   0:00   0:00 
Pontus Aberg             0  0  0  -1  2   3  5  0  0  0  0/1    14:46   0:00   0:00 
Robby Fabbri             0  0  0   0  0   1  0  0  0  0  1/1    17:41   2:35   0:00 
Ryan Strome              0  0  0  -1  0   4  0  0  0  0  15/33  25:19   3:22   3:44 
Shayne Gostisbehere      0  0  0  -1  0   0  0  1  0  0  0/0    24:48   3:01   2:43 
Will Butcher             0  0  0  -1  0   2  0  1  0  0  0/0    21:30   2:56   3:14 

3 Stars

1 - Frederik Andersen (LOS)
2 - Jesper Fast (LOS)
3 - Anthony Bitetto (LOS)

Power Play

Kings - 0 on 3 Attempt(s) - 0,00%
Avalanche - 0 on 3 Attempt(s) - 0,00%

Penalty Kill

Kings - 3 on 3 Attempt(s) - 100,00% - Score 0 goal in Penalty Kill
Avalanche - 3 on 3 Attempt(s) - 100,00% - Score 0 goal in Penalty Kill

Team Stat

Kings - Hits : 22 - Faceoff Wins : 50 - Blocked Shots : 6 - Penalty Minutes : 6
Avalanche - Hits : 27 - Faceoff Wins : 34 - Blocked Shots : 7 - Penalty Minutes : 6

Official

Referees : Gord Dwyer and Dan Kelly
Linesman : Jeff Walker and Julien Fournier

Game Notes

No Game Note

Finance

Level 1 -- Attendance: 6455 (99,31%) -- Ticket Income 658 410 $
Level 2 -- Attendance: 4978 (99,56%) -- Ticket Income 373 350 $
Level 3 -- Attendance: 3400 (97,14%) -- Ticket Income 187 000 $
Level 4 -- Attendance: 2007 (100,00%) -- Ticket Income 90 315 $
Luxury Box -- Attendance: 1000 (100,00%) -- Ticket Income 200 000 $
Game was played at the Pepsi Center.
Total Attendance: 17840 (99,07%)
Total Ticket Income: 1 509 075 $
Other Income: 739 447 $
Total Income: 2 248 522 $

% Time on Ice - Kings

Lines # - Real PCT - Wanted PCT - Time Play
Normal Forward
1 - 30% - 40% - 14:20
2 - 28% - 30% - 13:21
3 - 33% - 20% - 15:44
4 - 10% - 10% - 4:41
Normal Defense
1 - 34% - 40% - 16:15
2 - 33% - 30% - 15:53
3 - 31% - 20% - 15:02
4 - 2% - 10% - 0:56
PP Forward
1 - 50% - 60% - 2:57
2 - 50% - 40% - 3:00
PP Defense
1 - 59% - 60% - 3:31
2 - 41% - 40% - 2:26
PK Forward
1 - 73% - 60% - 4:19
2 - 27% - 40% - 1:38
PK Defense
1 - 36% - 60% - 2:08
2 - 64% - 40% - 3:49
PK3 Forward
1 - 0% - 60%
2 - 0% - 40%
PK3 Defense
1 - 0% - 60%
2 - 0% - 40%
44 Forward
1 - 0% - 60%
2 - 0% - 40%
44 Defense
1 - 0% - 60%
2 - 0% - 40%
Last Minute Offensive  - 0:00
Last Minute Defensive  - 0:00
Total
Forward - 60:00
Defense - 60:00

% Time on Ice - Avalanche

Lines # - Real PCT - Wanted PCT - Time Play
Normal Forward
1 - 28% - 40% - 13:14
2 - 31% - 30% - 15:06
3 - 31% - 20% - 14:47
4 - 10% - 10% - 4:59
Normal Defense
1 - 38% - 40% - 18:06
2 - 32% - 30% - 15:20
3 - 28% - 20% - 13:42
4 - 2% - 10% - 0:58
PP Forward
1 - 57% - 60% - 3:22
2 - 43% - 40% - 2:35
PP Defense
1 - 51% - 60% - 3:01
2 - 49% - 40% - 2:56
PK Forward
1 - 78% - 60% - 4:37
2 - 22% - 40% - 1:20
PK Defense
1 - 46% - 60% - 2:43
2 - 54% - 40% - 3:14
PK3 Forward
1 - 0% - 60%
2 - 0% - 40%
PK3 Defense
1 - 0% - 60%
2 - 0% - 40%
44 Forward
1 - 0% - 60%
2 - 0% - 40%
44 Defense
1 - 0% - 60%
2 - 0% - 40%
Last Minute Offensive  - 0:00
Last Minute Defensive  - 0:00
Total
Forward - 60:00
Defense - 60:00

Play-by-Play

1st period


0:01 of 1st period - Jonathan Toews wins face-off versus Ryan Strome in neutral zone.
0:38 of 1st period - Shot by Jake McCabe.
0:38 of 1st period - Stopped by Frederik Andersen with a rebound.
0:40 of 1st period - Shot by Frank Vatrano.
0:40 of 1st period - Stopped by Frederik Andersen without a rebound.
0:41 of 1st period - Casey Cizikas wins face-off versus Mikael Backlund in Kings zone.
1:29 of 1st period - Jesper Fast is hit by Justin Williams and loses puck.
2:10 of 1st period - Shot by Zemgus Girgensons.
2:10 of 1st period - Shot Misses the Net.
2:12 of 1st period - Shot by Nicolas Hague.
2:12 of 1st period - Shot Blocked by Noah Juulsen.
2:28 of 1st period - Minor Penalty to Corey Perry for Tripping.
2:29 of 1st period - Ryan Strome wins face-off versus Jonathan Toews in Kings zone.
2:36 of 1st period - Shot by Jake McCabe.
2:36 of 1st period - Stopped by Frederik Andersen with a rebound.
3:45 of 1st period - Shot by Casey Cizikas.
3:45 of 1st period - Shot Misses the Net.
4:05 of 1st period - Icing by Ryan Strome.
4:06 of 1st period - Jonathan Toews wins face-off versus Ryan Strome in Avalanche zone.
4:28 of 1st period - Icing by Shayne Gostisbehere.
4:29 of 1st period - Dylan Strome wins face-off versus Nick Paul in Avalanche zone.
4:34 of 1st period - Zemgus Girgensons is hit by Pontus Aberg and loses puck.
5:25 of 1st period - Shot by Robby Fabbri.
5:25 of 1st period - Shot Misses the Net.
5:29 of 1st period - Shot by Dominik Kubalik.
5:29 of 1st period - Stopped by Frederik Andersen without a rebound.
5:30 of 1st period - Jordan Weal wins face-off versus Jonathan Toews in Kings zone.
5:31 of 1st period - Shot by Ryan Strome.
5:31 of 1st period - Stopped by Frederik Andersen without a rebound.
5:32 of 1st period - Jonathan Toews wins face-off versus Andreas Athanasiou in Kings zone.
5:41 of 1st period - Shot by Frank Vatrano.
5:41 of 1st period - Shot Misses the Net.
5:43 of 1st period - Shot by Ryan Strome.
5:43 of 1st period - Stopped by Frederik Andersen with a rebound.
5:45 of 1st period - Shot by Shayne Gostisbehere.
5:45 of 1st period - Shot Blocked by Marc-Edouard Vlasic.
5:47 of 1st period - Shot by Shayne Gostisbehere.
5:47 of 1st period - Shot Misses the Net.
5:51 of 1st period - Shot by Ryan Strome.
5:51 of 1st period - Shot Misses the Net.
5:53 of 1st period - Shot by Andreas Athanasiou.
5:53 of 1st period - Stopped by Frederik Andersen with a rebound.
5:59 of 1st period - Shot by Frank Vatrano.
5:59 of 1st period - Deflect By Ryan Strome.
5:59 of 1st period - Shot Blocked by Rickard Rakell.
6:31 of 1st period - John Moore is hit by Casey Cizikas and loses puck.
6:40 of 1st period - Shot by Dominik Kubalik.
6:40 of 1st period - Shot Misses the Net.
6:43 of 1st period - Casey Cizikas is hit by Stephen Johns.
6:59 of 1st period - Adam Fox is hit by Stephen Johns and loses puck.
7:26 of 1st period - Icing by Dylan Strome.
7:27 of 1st period - Nick Paul wins face-off versus Dylan Strome in Avalanche zone.
7:58 of 1st period - Shot by Zemgus Girgensons.
7:58 of 1st period - Shot Misses the Net.
8:00 of 1st period - Shot by Corey Perry.
8:00 of 1st period - Stopped by Juuse Saros without a rebound.
8:01 of 1st period - Ryan Strome wins face-off versus Jonathan Toews in Avalanche zone.
8:11 of 1st period - Icing by Jake McCabe.
8:12 of 1st period - Ryan Strome wins face-off versus Lucas Wallmark in Avalanche zone.
8:23 of 1st period - Shot by Jonathan Toews.
8:23 of 1st period - Deflect By Lucas Wallmark.
8:23 of 1st period - Shot Blocked by Jake McCabe.
8:41 of 1st period - Off-side.
8:42 of 1st period - Casey Cizikas wins face-off versus Mikael Backlund in neutral zone.
10:06 of 1st period - Icing by Jake McCabe.
10:07 of 1st period - Nick Paul wins face-off versus Nicolas Roy in Avalanche zone.
10:30 of 1st period - Anthony Bitetto is hit by Nicolas Roy and loses puck.
10:46 of 1st period - Dylan Strome is hit by Anthony Bitetto and loses puck.
10:55 of 1st period - Shot by Cale Fleury.
10:55 of 1st period - Shot Misses the Net.
10:57 of 1st period - Shot by Noah Juulsen.
10:57 of 1st period - Shot Misses the Net.
11:10 of 1st period - Corey Perry is hit by Pontus Aberg.
11:11 of 1st period - Icing by Corey Perry.
11:12 of 1st period - Casey Cizikas wins face-off versus Zemgus Girgensons in Kings zone.
11:52 of 1st period - Minor Penalty to Adam Fox for Holding.
11:53 of 1st period - Ryan Strome wins face-off versus Jordan Eberle in Avalanche zone.
12:00 of 1st period - Jake McCabe is hit by Rickard Rakell and loses puck.
12:05 of 1st period - Shot by Rickard Rakell.
12:05 of 1st period - Stopped by Juuse Saros without a rebound.
12:06 of 1st period - Ryan Strome wins face-off versus Mikael Backlund in Avalanche zone.
12:14 of 1st period - Icing by Andre Burakovsky.
12:15 of 1st period - Ryan Strome wins face-off versus Mikael Backlund in Kings zone.
12:30 of 1st period - Shot by John Moore.
12:30 of 1st period - Stopped by Juuse Saros without a rebound.
12:31 of 1st period - Jonathan Toews wins face-off versus Ryan Strome in Avalanche zone.
12:36 of 1st period - Shot by Marc-Edouard Vlasic.
12:36 of 1st period - Stopped by Juuse Saros without a rebound.
12:37 of 1st period - Jonathan Toews wins face-off versus Ryan Strome in Avalanche zone.
12:39 of 1st period - Jordan Eberle is hit by Jake McCabe and loses puck.
13:12 of 1st period - Shot by Marc-Edouard Vlasic.
13:12 of 1st period - Stopped by Juuse Saros without a rebound.
13:13 of 1st period - Mikael Backlund wins face-off versus Dylan Strome in Avalanche zone.
13:24 of 1st period - Shot by Jesper Fast.
13:24 of 1st period - Shot Misses the Net.
13:26 of 1st period - Shot by Mikael Backlund.
13:26 of 1st period - Shot Misses the Net.
13:28 of 1st period - Shot by John Moore.
13:28 of 1st period - Stopped by Juuse Saros with a rebound.
13:34 of 1st period - Shot by John Moore.
13:34 of 1st period - Stopped by Juuse Saros with a rebound.
14:46 of 1st period - Icing by Shayne Gostisbehere.
14:47 of 1st period - Nick Paul wins face-off versus Nicolas Roy in Avalanche zone.
14:49 of 1st period - Corey Perry is hit by Jake McCabe.
15:14 of 1st period - Icing by Marc-Edouard Vlasic.
15:15 of 1st period - Casey Cizikas wins face-off versus Corey Perry in Kings zone.
15:52 of 1st period - Shot by Casey Cizikas.
15:52 of 1st period - Deflect By Dominik Kubalik.
15:52 of 1st period - Stopped by Frederik Andersen with a rebound.
16:11 of 1st period - Justin Williams is hit by John Moore and loses puck.
16:20 of 1st period - Shot by Dylan Strome.
16:20 of 1st period - Shot Blocked by Stephen Johns.
16:30 of 1st period - Shot by Dylan Strome.
16:30 of 1st period - Stopped by Frederik Andersen without a rebound.
16:31 of 1st period - Ryan Strome wins face-off versus Jordan Eberle in Kings zone.
16:31 of 1st period - Ryan Strome is hit by Anthony Bitetto.
16:37 of 1st period - Shot by Andreas Athanasiou.
16:37 of 1st period - Stopped by Frederik Andersen without a rebound.
16:38 of 1st period - Jonathan Toews wins face-off versus Ryan Strome in Kings zone.
16:47 of 1st period - Shot by Jonathan Toews.
16:47 of 1st period - Stopped by Juuse Saros without a rebound.
16:48 of 1st period - Jonathan Toews wins face-off versus Casey Cizikas in Avalanche zone.
17:09 of 1st period - Shot by Robby Fabbri.
17:09 of 1st period - Shot Hit the Post.
17:11 of 1st period - Shot by Casey Cizikas.
17:11 of 1st period - Shot Misses the Net.
17:15 of 1st period - Shot by Casey Cizikas.
17:15 of 1st period - Stopped by Frederik Andersen without a rebound.
17:16 of 1st period - Nick Paul wins face-off versus Ryan Strome in Kings zone.
17:56 of 1st period - Shot by Ryan Strome.
17:56 of 1st period - Shot Misses the Net.
18:07 of 1st period - Corey Perry is hit by Pontus Aberg and loses puck.
18:26 of 1st period - Shot by Justin Williams.
18:26 of 1st period - Shot Misses the Net.
18:32 of 1st period - Nick Paul is hit by Pontus Aberg and loses puck.
18:42 of 1st period - Icing by Zemgus Girgensons.
18:43 of 1st period - Casey Cizikas wins face-off versus Nick Paul in Kings zone.
18:59 of 1st period - Robby Fabbri is hit by Nicolas Hague and loses puck.
19:36 of 1st period - Icing by Nick Paul.
19:37 of 1st period - Corey Perry wins face-off versus Ryan Strome in Kings zone.
19:59 of 1st period - Ryan Strome is hit by Marco Scandella and loses puck.
Goals for this period are 0 for Kings vs 0 for Avalanche.
Shots for this period are 8 for Kings vs 11 for Avalanche.

2nd period


0:01 of 2nd period - Jonathan Toews wins face-off versus Andreas Athanasiou in neutral zone.
0:49 of 2nd period - Marc-Edouard Vlasic is hit by Dominik Kubalik and loses puck.
0:55 of 2nd period - Icing by Marc-Edouard Vlasic.
0:56 of 2nd period - Jonathan Toews wins face-off versus Dylan Strome in Kings zone.
0:56 of 2nd period - Jonathan Toews is hit by Justin Williams.
1:30 of 2nd period - Shot by Dylan Strome.
1:30 of 2nd period - Shot Misses the Net.
1:32 of 2nd period - Shot by Cale Fleury.
1:32 of 2nd period - Shot Misses the Net.
1:34 of 2nd period - Shot by Cale Fleury.
1:34 of 2nd period - Stopped by Frederik Andersen without a rebound.
1:34 of 2nd period - Minor Penalty to Stephen Johns for High sticking.
1:35 of 2nd period - Zemgus Girgensons wins face-off versus Casey Cizikas in Kings zone.
2:05 of 2nd period - Shot by Will Butcher.
2:05 of 2nd period - Stopped by Frederik Andersen without a rebound.
2:06 of 2nd period - Jonathan Toews wins face-off versus Ryan Strome in Kings zone.
2:36 of 2nd period - Shayne Gostisbehere is hit by Rickard Rakell and loses puck.
5:24 of 2nd period - Jesper Fast is hit by Casey Cizikas.
5:50 of 2nd period - Casey Cizikas is hit by Rickard Rakell and loses puck.
6:04 of 2nd period - Icing by John Moore.
6:05 of 2nd period - Jonathan Toews wins face-off versus Dylan Strome in Kings zone.
6:47 of 2nd period - Shot by Lucas Wallmark.
6:47 of 2nd period - Shot Misses the Net.
6:49 of 2nd period - Shot by Tyler Motte.
6:49 of 2nd period - Stopped by Juuse Saros without a rebound.
6:50 of 2nd period - Nick Paul wins face-off versus Ryan Strome in Avalanche zone.
7:17 of 2nd period - Corey Perry is hit by Adam Fox and loses puck.
7:35 of 2nd period - Icing by John Moore.
7:36 of 2nd period - Mikael Backlund wins face-off versus Casey Cizikas in Kings zone.
7:47 of 2nd period - Mikael Backlund is hit by Jake McCabe and loses puck.
7:50 of 2nd period - Shot by Jesper Fast.
7:50 of 2nd period - Shot Blocked by Shayne Gostisbehere.
7:52 of 2nd period - Shot by Stephen Johns.
7:52 of 2nd period - Stopped by Juuse Saros with a rebound.
8:53 of 2nd period - Shot by Corey Perry.
8:53 of 2nd period - Deflect By Nick Paul.
8:53 of 2nd period - Shot Misses the Net.
8:56 of 2nd period - Icing by Noah Juulsen.
8:57 of 2nd period - Mikael Backlund wins face-off versus Pontus Aberg in Avalanche zone.
9:13 of 2nd period - Off-side.
9:14 of 2nd period - Ryan Strome wins face-off versus Corey Perry in neutral zone.
9:44 of 2nd period - Shot by Corey Perry.
9:44 of 2nd period - Shot Misses the Net.
10:08 of 2nd period - Shot by Robby Fabbri.
10:08 of 2nd period - Shot Misses the Net.
10:10 of 2nd period - Shot by Robby Fabbri.
10:10 of 2nd period - Stopped by Frederik Andersen without a rebound.
10:11 of 2nd period - Jonathan Toews wins face-off versus Casey Cizikas in Kings zone.
10:17 of 2nd period - Icing by Rickard Rakell.
10:18 of 2nd period - Jonathan Toews wins face-off versus Dylan Strome in Kings zone.
10:26 of 2nd period - Shot by Jordan Eberle.
10:26 of 2nd period - Stopped by Juuse Saros without a rebound.
10:27 of 2nd period - Jonathan Toews wins face-off versus Casey Cizikas in Avalanche zone.
10:34 of 2nd period - Shot by Rickard Rakell.
10:34 of 2nd period - Shot Blocked by Casey Cizikas.
10:40 of 2nd period - Marc-Edouard Vlasic is hit by Casey Cizikas and loses puck.
11:05 of 2nd period - Shot by Casey Cizikas.
11:05 of 2nd period - Shot Misses the Net.
11:27 of 2nd period - Shot by Ryan Strome.
11:27 of 2nd period - Stopped by Frederik Andersen with a rebound.
11:35 of 2nd period - Shot by Andreas Athanasiou.
11:35 of 2nd period - Stopped by Frederik Andersen without a rebound.
11:36 of 2nd period - Mikael Backlund wins face-off versus Dylan Strome in Kings zone.
11:43 of 2nd period - Shot by Mikael Backlund.
11:43 of 2nd period - Stopped by Juuse Saros without a rebound.
11:44 of 2nd period - Mikael Backlund wins face-off versus Dylan Strome in Avalanche zone.
11:53 of 2nd period - Jesper Fast is hit by Pontus Aberg and loses puck.
12:20 of 2nd period - Shot by Andre Burakovsky.
12:20 of 2nd period - Shot Misses the Net.
12:22 of 2nd period - Shot by Jesper Fast.
12:22 of 2nd period - Shot Blocked by Noah Juulsen.
12:34 of 2nd period - Shot by Corey Perry.
12:34 of 2nd period - Stopped by Juuse Saros without a rebound.
12:35 of 2nd period - Nick Paul wins face-off versus Ryan Strome in Avalanche zone.
12:52 of 2nd period - Icing by Jake McCabe.
12:53 of 2nd period - Jonathan Toews wins face-off versus Andreas Athanasiou in Avalanche zone.
12:53 of 2nd period - Jonathan Toews is hit by Jake McCabe.
13:00 of 2nd period - Jordan Eberle is hit by Jake McCabe.
13:03 of 2nd period - Icing by Jake McCabe.
13:04 of 2nd period - Ryan Strome wins face-off versus Lucas Wallmark in Avalanche zone.
13:09 of 2nd period - Shayne Gostisbehere is hit by Anthony Bitetto and loses puck.
13:17 of 2nd period - Ryan Strome is hit by Anthony Bitetto and loses puck.
13:21 of 2nd period - Ryan Strome is hit by Anthony Bitetto and loses puck.
14:13 of 2nd period - Icing by Mikael Backlund.
14:14 of 2nd period - Dylan Strome wins face-off versus Jesper Fast in Kings zone.
14:17 of 2nd period - Shot by Justin Williams.
14:17 of 2nd period - Stopped by Frederik Andersen with a rebound.
14:19 of 2nd period - Shot by Dylan Strome.
14:19 of 2nd period - Deflect By Pontus Aberg.
14:19 of 2nd period - Stopped by Frederik Andersen without a rebound.
14:20 of 2nd period - Jonathan Toews wins face-off versus Dylan Strome in Kings zone.
14:20 of 2nd period - Jonathan Toews is hit by Justin Williams.
14:36 of 2nd period - Shot by Jonathan Toews.
14:36 of 2nd period - Stopped by Juuse Saros with a rebound.
14:38 of 2nd period - Shot by Stephen Johns.
14:38 of 2nd period - Shot Misses the Net.
14:40 of 2nd period - Shot by Rickard Rakell.
14:40 of 2nd period - Stopped by Juuse Saros without a rebound.
14:41 of 2nd period - Mikael Backlund wins face-off versus Ryan Strome in Avalanche zone.
14:50 of 2nd period - Shot by Ryan Strome.
14:50 of 2nd period - Shot Misses the Net.
15:08 of 2nd period - Shot by Shayne Gostisbehere.
15:08 of 2nd period - Shot Blocked by Marco Scandella.
15:53 of 2nd period - Dominik Kubalik is hit by Rickard Rakell and loses puck.
16:33 of 2nd period - Minor Penalty to Pontus Aberg for High sticking.
16:34 of 2nd period - Mikael Backlund wins face-off versus Ryan Strome in Avalanche zone.
17:06 of 2nd period - Icing by Mikael Backlund.
17:07 of 2nd period - Mikael Backlund wins face-off versus Ryan Strome in Kings zone.
17:25 of 2nd period - Icing by Jonathan Toews.
17:26 of 2nd period - Jonathan Toews wins face-off versus Dylan Strome in Kings zone.
18:03 of 2nd period - Shot by Jesper Fast.
18:03 of 2nd period - Stopped by Juuse Saros without a rebound.
18:04 of 2nd period - Ryan Strome wins face-off versus Jonathan Toews in Avalanche zone.
18:25 of 2nd period - Shot by Marc-Edouard Vlasic.
18:25 of 2nd period - Shot Misses the Net.
18:45 of 2nd period - Shot by Corey Perry.
18:45 of 2nd period - Stopped by Juuse Saros without a rebound.
18:46 of 2nd period - Casey Cizikas wins face-off versus Nick Paul in Avalanche zone.
18:46 of 2nd period - Casey Cizikas is hit by Nick Paul.
19:09 of 2nd period - Shot by Zemgus Girgensons.
19:09 of 2nd period - Shot Misses the Net.
19:26 of 2nd period - Icing by Zemgus Girgensons.
19:27 of 2nd period - Nick Paul wins face-off versus Dylan Strome in Kings zone.
19:42 of 2nd period - Dylan Strome is hit by Zemgus Girgensons and loses puck.
Goals for this period are 0 for Kings vs 0 for Avalanche.
Shots for this period are 9 for Kings vs 7 for Avalanche.

3rd period


0:01 of 3rd period - Jonathan Toews wins face-off versus Frank Vatrano in neutral zone.
0:26 of 3rd period - Jonathan Toews is hit by Andreas Athanasiou and loses puck.
1:17 of 3rd period - Shot by Will Butcher.
1:17 of 3rd period - Stopped by Frederik Andersen without a rebound.
1:18 of 3rd period - Nick Paul wins face-off versus Dylan Strome in Kings zone.
1:26 of 3rd period - Nicolas Hague is hit by Dylan Strome and loses puck.
1:49 of 3rd period - Shot by Justin Williams.
1:49 of 3rd period - Shot Misses the Net.
1:51 of 3rd period - Shot by Pontus Aberg.
1:51 of 3rd period - Shot Misses the Net.
1:53 of 3rd period - Shot by Noah Juulsen.
1:53 of 3rd period - Stopped by Frederik Andersen without a rebound.
1:54 of 3rd period - Jonathan Toews wins face-off versus Casey Cizikas in Kings zone.
1:54 of 3rd period - Jonathan Toews is hit by Casey Cizikas.
2:11 of 3rd period - Adam Fox is hit by Marco Scandella and loses puck.
2:19 of 3rd period - Icing by Marco Scandella.
2:20 of 3rd period - Jordan Weal wins face-off versus Jonathan Toews in Kings zone.
2:30 of 3rd period - Ryan Strome is hit by Marco Scandella and loses puck.
3:36 of 3rd period - Shot by Mikael Backlund.
3:36 of 3rd period - Shot Misses the Net.
3:41 of 3rd period - Icing by Ryan Strome.
3:42 of 3rd period - Nick Paul wins face-off versus Nicolas Roy in Avalanche zone.
4:04 of 3rd period - Off-side.
4:05 of 3rd period - Casey Cizikas wins face-off versus Lucas Wallmark in neutral zone.
4:59 of 3rd period - Tyler Motte is hit by Justin Williams and loses puck.
5:14 of 3rd period - Shot by Justin Williams.
5:14 of 3rd period - Shot Misses the Net.
5:22 of 3rd period - Shot by Dylan Strome.
5:22 of 3rd period - Stopped by Frederik Andersen with a rebound.
5:29 of 3rd period - Off-side.
5:30 of 3rd period - Ryan Strome wins face-off versus Mikael Backlund in neutral zone.
7:16 of 3rd period - Icing by Anthony Bitetto.
7:17 of 3rd period - Nick Paul wins face-off versus Ryan Strome in Kings zone.
7:38 of 3rd period - Shot by Frank Vatrano.
7:38 of 3rd period - Shot Misses the Net.
7:46 of 3rd period - Shot by Jesper Fast.
7:46 of 3rd period - Goal by Jesper Fast - Kings : 1 - Avalanche : 0.
7:47 of 3rd period - Casey Cizikas wins face-off versus Jonathan Toews in neutral zone.
7:55 of 3rd period - Icing by Marc-Edouard Vlasic.
7:56 of 3rd period - Rickard Rakell wins face-off versus Casey Cizikas in Kings zone.
8:02 of 3rd period - Off-side.
8:03 of 3rd period - Robby Fabbri wins face-off versus Andre Burakovsky in neutral zone.
8:06 of 3rd period - Jesper Fast is hit by Casey Cizikas and loses puck.
8:21 of 3rd period - Shot by Dominik Kubalik.
8:21 of 3rd period - Stopped by Frederik Andersen without a rebound.
8:22 of 3rd period - Ryan Strome wins face-off versus Jonathan Toews in Kings zone.
8:33 of 3rd period - Icing by Marc-Edouard Vlasic.
8:34 of 3rd period - Jonathan Toews wins face-off versus Casey Cizikas in Kings zone.
9:38 of 3rd period - Shot by Andre Burakovsky.
9:38 of 3rd period - Stopped by Juuse Saros without a rebound.
9:39 of 3rd period - Nick Paul wins face-off versus Dylan Strome in Avalanche zone.
9:42 of 3rd period - Shot by Corey Perry.
9:42 of 3rd period - Shot Misses the Net.
9:47 of 3rd period - Minor Penalty to Corey Perry for Roughing.
9:48 of 3rd period - Jonathan Toews wins face-off versus Ryan Strome in Kings zone.
10:45 of 3rd period - Shot by Jordan Eberle.
10:45 of 3rd period - Stopped by Juuse Saros with a rebound.
11:08 of 3rd period - Shot by Shayne Gostisbehere.
11:08 of 3rd period - Shot Misses the Net.
12:02 of 3rd period - Shot by Nick Paul.
12:02 of 3rd period - Deflect By Corey Perry.
12:02 of 3rd period - Stopped by Juuse Saros without a rebound.
12:03 of 3rd period - Dylan Strome wins face-off versus Lucas Wallmark in Avalanche zone.
12:12 of 3rd period - Shot by Dylan Strome.
12:12 of 3rd period - Stopped by Frederik Andersen with a rebound.
12:14 of 3rd period - Shot by Noah Juulsen.
12:14 of 3rd period - Stopped by Frederik Andersen with a rebound.
12:16 of 3rd period - Shot by Noah Juulsen.
12:16 of 3rd period - Stopped by Frederik Andersen with a rebound.
12:18 of 3rd period - Shot by Justin Williams.
12:18 of 3rd period - Shot Blocked by Tyler Motte.
12:41 of 3rd period - Icing by Nicolas Hague.
12:42 of 3rd period - Casey Cizikas wins face-off versus Lucas Wallmark in Kings zone.
12:51 of 3rd period - Shot by Dominik Kubalik.
12:51 of 3rd period - Stopped by Frederik Andersen without a rebound.
12:52 of 3rd period - Ryan Strome wins face-off versus Mikael Backlund in Kings zone.
12:52 of 3rd period - Ryan Strome is hit by Marc-Edouard Vlasic.
13:00 of 3rd period - Shot by Ryan Strome.
13:00 of 3rd period - Shot Blocked by Marc-Edouard Vlasic.
13:02 of 3rd period - Shot by Ryan Strome.
13:02 of 3rd period - Shot Misses the Net.
13:04 of 3rd period - Shot by Ryan Strome.
13:04 of 3rd period - Shot Misses the Net.
13:06 of 3rd period - Shot by Ryan Strome.
13:06 of 3rd period - Shot Misses the Net.
14:04 of 3rd period - Shot by Zemgus Girgensons.
14:04 of 3rd period - Stopped by Juuse Saros without a rebound.
14:05 of 3rd period - Jonathan Toews wins face-off versus Dylan Strome in Avalanche zone.
14:15 of 3rd period - Shot by Dylan Strome.
14:15 of 3rd period - Shot Misses the Net.
14:21 of 3rd period - Shot by Pontus Aberg.
14:21 of 3rd period - Stopped by Frederik Andersen without a rebound.
14:22 of 3rd period - Mikael Backlund wins face-off versus Casey Cizikas in Kings zone.
14:26 of 3rd period - Andre Burakovsky is hit by Jake McCabe and loses puck.
14:33 of 3rd period - Shot by Mikael Backlund.
14:33 of 3rd period - Shot Misses the Net.
14:42 of 3rd period - Icing by Casey Cizikas.
14:43 of 3rd period - Casey Cizikas wins face-off versus Jonathan Toews in Avalanche zone.
14:54 of 3rd period - Shot by Casey Cizikas.
14:54 of 3rd period - Shot Misses the Net.
14:59 of 3rd period - Minor Penalty to Casey Cizikas for Hooking.
15:00 of 3rd period - Mikael Backlund wins face-off versus Ryan Strome in Avalanche zone.
15:26 of 3rd period - Off-side.
15:27 of 3rd period - Jonathan Toews wins face-off versus Ryan Strome in neutral zone.
15:32 of 3rd period - Shot by Jordan Eberle.
15:32 of 3rd period - Shot Misses the Net.
16:15 of 3rd period - Off-side.
16:16 of 3rd period - Mikael Backlund wins face-off versus Andreas Athanasiou in neutral zone.
16:45 of 3rd period - Shot by Mikael Backlund.
16:45 of 3rd period - Shot Blocked by Will Butcher.
16:47 of 3rd period - Shot by Andre Burakovsky.
16:47 of 3rd period - Stopped by Juuse Saros without a rebound.
16:48 of 3rd period - Ryan Strome wins face-off versus Jonathan Toews in Avalanche zone.
17:07 of 3rd period - Shot by Pontus Aberg.
17:07 of 3rd period - Stopped by Frederik Andersen without a rebound.
17:08 of 3rd period - Dylan Strome wins face-off versus Nick Paul in Kings zone.
17:25 of 3rd period - Shayne Gostisbehere is hit by Corey Perry and loses puck.
17:30 of 3rd period - Shot by Corey Perry.
17:30 of 3rd period - Goal by Corey Perry - Kings : 2 - Avalanche : 0.
17:31 of 3rd period - Jordan Eberle wins face-off versus Ryan Strome in neutral zone.
17:47 of 3rd period - Andreas Athanasiou is hit by Stephen Johns and loses puck.
17:58 of 3rd period - Shot by Ryan Strome.
17:58 of 3rd period - Stopped by Frederik Andersen without a rebound.
17:59 of 3rd period - Casey Cizikas wins face-off versus Jesper Fast in Kings zone.
18:05 of 3rd period - Casey Cizikas is hit by Marc-Edouard Vlasic and loses puck.
18:09 of 3rd period - Icing by Marco Scandella.
18:10 of 3rd period - Mikael Backlund wins face-off versus Dylan Strome in Kings zone.
18:10 of 3rd period - Mikael Backlund is hit by Justin Williams.
18:44 of 3rd period - Shot by Dylan Strome.
18:44 of 3rd period - Stopped by Frederik Andersen with a rebound.
18:49 of 3rd period - Marco Scandella is hit by Jake McCabe and loses puck.
18:59 of 3rd period - Off-side.
19:00 of 3rd period - Ryan Strome wins face-off versus Jonathan Toews in neutral zone.
19:25 of 3rd period - Shot by Ryan Strome.
19:25 of 3rd period - Shot Misses the Net.
19:56 of 3rd period - Shot by Corey Perry.
19:56 of 3rd period - Shot Blocked by Adam Fox.
19:58 of 3rd period - Shot by Zemgus Girgensons.
19:58 of 3rd period - Deflect By Nick Paul.
19:58 of 3rd period - Stopped by Juuse Saros without a rebound.
19:59 of 3rd period - Dominik Kubalik wins face-off versus Mikael Backlund in Avalanche zone.
Goals for this period are 2 for Kings vs 0 for Avalanche.
Shots for this period are 8 for Kings vs 12 for Avalanche.